 Dungeon Crawl Stone Soup version 0.27.0-1-g7a089689b8 (webtiles) character file.

Game seed: 7572254000243209153

54 SnakkuSnakku7 the Skirmisher (level 3, -1/30 HPs)
             Began as a Merfolk Necromancer on Aug 7, 2021.
             Slain by a hobgoblin (4 damage)
             ... on level 3 of the Dungeon.
             The game lasted 00:01:43 (1904 turns).

SnakkuSnakku7 the Skirmisher (Merfolk Necromancer)  Turns: 1904, Time: 00:01:44

Health: -1/30      AC:  4    Str: 15    XL:     3   Next: 91%
Magic:  6/6        EV: 12    Int: 14    God:
Gold:   59         SH:  0    Dex: 14    Spells: 5/6 levels left

rFire    . . .     SeeInvis .   b - +0 hand axe
rCold    . . .     Faith    .   (no shield)
rNeg     . . .     Spirit   .   i - +0 leather armour
rPois    .         Reflect  .   (no helmet)
rElec    .         Harm     .   (no cloak)
rCorr    +         Rampage  .   (no gloves)
Will     .....                  j - +0 pair of boots
Stlth    ++........             (no amulet)
HPRegen  0.10/turn              k - +6 ring of strength
MPRegen  0.10/turn              g - ring of resist corrosion

@: no status effects
A: (nimble swimmer 2), mertail
a: no special abilities


You were on level 3 of the Dungeon.
You visited 1 branch of the dungeon, and saw 3 of its levels.

You collected 59 gold pieces.

Inventory:

Hand Weapons
 b - a +0 hand axe (weapon)
Armour
 a - a +0 robe
 i - a +0 leather armour (worn)
 j - a +0 pair of boots (worn)
Jewellery
 g - a ring of resist corrosion (right hand)
 k - a +6 ring of strength (left hand)
Scrolls
 c - 2 scrolls of noise {unknown}
 e - 2 scrolls of identify {unknown}
 f - a scroll of enchant armour {unknown}
 h - a scroll of teleportation {unknown}
Potions
 d - a potion of mutation {unknown}
 l - a potion of might {unknown}


   Skills:
 + Level 3.7 Fighting
 - Level 2.6 Dodging
 - Level 2.1 Stealth
 - Level 2.0 Spellcasting
 - Level 3.2 Necromancy


You had 5 spell levels left.
You knew the following spells:

 Your Spells              Type           Power      Damage    Failure   Level
a - Pain                  Necr           40%        1d6       8%          1

Your spell library contained the following spells:

 Spells                   Type           Power      Damage    Failure   Level
 Animate Skeleton         Necr           20%        N/A       8%          1
 Corpse Rot               Necr/Air       N/A        N/A       22%         2
 Vampiric Draining        Necr           5%         2d6       22%         3
 Poisonous Vapours        Pois/Air       2%         N/A       41%         2
 Animate Dead             Necr           5%         N/A       58%         4
 Agony                    Necr           10%        N/A       91%         5
 Freezing Cloud           Conj/Ice/Air   0%         6-21      100%        5


Dungeon Overview and Level Annotations

Branches:
Dungeon (3/15)

Altars:

Shops:
D:1 (   D:3 :


Innate Abilities, Weirdness & Mutations

((You are quick and stealthy near water. (Stealth+, EV+, Speed+++)))
Your lower body shifts to a powerful aquatic tail in water.


Message History

You kill the jackal!
You hit the orc. The orc closely misses you. The jackal closely misses you.
You hit the orc.
The orc is heavily wounded.
You hit the jackal but do no damage.
The jackal bites you but does no damage.
The orc closely misses you.
You hit the jackal.
The jackal is heavily wounded.
You hit the orc but do no damage.
The jackal bites you but does no damage.
The orc misses you. The jackal bites you.
You hit the jackal.
You kill the jackal!
You hit the orc but do no damage. The orc closely misses you.
The orc barely misses you.
Unknown command.
You barely miss the orc.
The orc is heavily wounded.
The orc hits you with a +0 falchion.
You hit the orc.
The orc is severely wounded.
The orc misses you.
You closely miss the orc.
The orc is severely wounded.
The orc hits you with a +0 falchion.
* * * LOW HITPOINT WARNING * * *
The orc closely misses you.
You hit the orc.
You kill the orc!
You hit the orc.
The orc is moderately wounded.
The orc closely misses you. The orc hits you with a +0 club.
* * * LOW HITPOINT WARNING * * *
Found Kudisut's Book Boutique.
A hobgoblin comes into view.
There is a fountain of clear blue water here.
The hobgoblin shouts!
The hobgoblin hits you.
You die...

#.. ## #.. ..
#..#.# #..#.#
#..#.#
..###..#.#
.?...⌠.⌠.#
#.∩@.###..#
#⌠.⌠g......
##o#####..# #.#
# #######.# .#
........#####..#
#####......<)..#
#..#########
.....


You could see an orc and a hobgoblin.

Vanquished Creatures
  2 dart slugs
  2 orcs (D:3)
  4 endoplasms
  3 giant cockroaches
  5 goblins
  4 hobgoblins
  5 jackals
  2 quokkas
  5 ball pythons
  2 frilled lizards (D:1)
  4 kobolds
  3 rats
41 creatures vanquished.

Vanquished Creatures (others)
  A fungus (D:2)
1 creature vanquished.

Grand Total: 42 creatures vanquished

Notes
Turn   | Place    | Note
-------+----------+-------------------------------------------
     0 | D:1      | SnakkuSnakku7 the Merfolk Necromancer began the quest for
                  | the Orb.
     0 | D:1      | Reached XP level 1. HP: 13/13 MP: 3/3
   379 | D:1      | Reached skill level 1 in Fighting
   654 | D:1      | Reached XP level 2. HP: 22/22 MP: 5/5
   709 | D:1      | Found Binaiph's Antique Weapon Shop.
  1405 | D:2      | Reached XP level 3. HP: 28/28 MP: 6/6
  1718 | D:2      | Found a faded altar of an unknown god.
  1898 | D:3      | Found Kudisut's Book Boutique.
  1904 | D:3      | Slain by a hobgoblin

Illustrated notes

Levels and vault maps discovered:
D:1:      eino_arrival_cavern_b, layout_loops_ring, serial_shops, shop
D:2:      layout_rooms, shapermc_ecumenical_altar_petra
D:3:      layout_loops_ring, okawaru_trees_2,
          mainiacjoe_overflow_small_starburst, serial_shops, shop_fountains

Skill      XL: |  1  2  3 |
---------------+----------+-----
Fighting       | 1 2 3 |  3.7
Dodging        | |  2.6
Stealth        | |  2.1
Spellcasting   | |  2.0
Necromancy     | |  3.2

Action                   || total
-------------------------++-------
Melee: Hand axe          ||   132
 Stab: Sleeping          ||     7
Armor: Robe              ||    18
       Leather armour    ||    19
Dodge: Dodged            ||   107
